 Dungeon Crawl Stone Soup version 0.31-a0-803-g95b03c3367 (webtiles) character file.

Game seed: 9149085144364306948

3838 Anon1729 the Fighter (level 9, -1/84 HPs)
             Began as a Minotaur Monk on Sept 21, 2023.
             Was an Initiate of Gozag.
             Slain by a killer bee (8 damage)
             ... on level 8 of the Dungeon.
             The game lasted 00:04:50 (7213 turns).

Anon1729 the Fighter (Minotaur Monk)                Turns: 7213, Time: 00:04:51

Health: -1/84      AC:  9    Str: 21    XL:     9   Next: 98%
Magic:  26/26      EV: 15    Int:  7    God:    Gozag
Gold:   1531       SH:  5    Dex: 18    Spells: 8/8 levels left

rFire   . . .        E - +0 lajatang (vamp)
rCold   . . .        (shield currently unavailable)
rNeg    . . .        s - +0 scale mail of the Thinker {rPois MP+9}
rPois   +            (helmet restricted)
rElec   .            o - +0 cloak
rCorr   .            (no gloves)
SInv    .            (no boots)
Will    .....        x - amulet of reflection Stlth
                     u - ring of magical power
HPRegen 0.34/turn    H - +6 ring of dexterity
MPRegen 0.20/turn

%: reflection
@: lethally poisoned (-1 -> -2), gold aura, slowed, very slow
A: horns 2, retaliatory headbutt
a: Renounce Religion, Potion Petition, Call Merchant, Bribe Branch


You were on level 8 of the Dungeon.
You worshipped Gozag.
Gozag was most pleased with you.
You visited 1 branch of the dungeon, and saw 8 of its levels.
You also visited: Ossuary.

You collected 2095 gold pieces.
You spent 564 gold pieces at shops.

Inventory:

Hand Weapons
 a - a +0 falchion
 t - a +2 flail of protection
 E - a +0 vampiric lajatang (weapon)
Armour
 d - an orb of light
 n - a +0 ring mail of fire resistance
 o - a +0 cloak (worn)
 s - the +0 scale mail of the Thinker (worn) {rPois MP+9}
   (You found it on level 2 of the Dungeon)

   rPois:     It protects you from poison MP+9: It affects your magic capacity
   (+9).
 y - the +1 robe of the Old World {rElec}
   (You found it on level 4 of the Dungeon)

   rElec:     It insulates you from electricity.
Jewellery
 r - a ring of wizardry
 u - a ring of magical power (left hand)
 x - an amulet of reflection (around neck)
 G - a ring of ice
 H - a +6 ring of dexterity (right hand)
 J - a ring of see invisible
Wands
 B - a wand of mindburst (7)
 F - a wand of digging (5)
Scrolls
 h - 3 scrolls of blinking
 k - 3 scrolls of amnesia
 m - 4 scrolls of teleportation
 p - a scroll of revelation
 q - 2 scrolls of poison
 A - 3 scrolls of enchant armour
 C - a scroll of noise
 I - a scroll of identify
Potions
 b - 4 potions of curing {unknown}
 c - a potion of ambrosia
 e - 4 potions of might
 f - 2 potions of haste
 g - 3 potions of resistance {unknown}
 i - a potion of attraction {unknown}
 j - 3 potions of mutation
 l - 2 potions of brilliance {unknown}
 v - 4 potions of invisibility {unknown}
 w - a potion of magic {unknown}
 z - a potion of degeneration {unknown}
 D - 2 potions of heal wounds {unknown}


   Skills:
 + Level 9.5 Fighting
 - Level 4.0 Long Blades
 + Level 8.4 Staves
 + Level 8.2 Armour
 + Level 8.6 Dodging


You had 8 spell levels left.
You didn't know any spells.
Your spell library was empty.

Dungeon Overview and Level Annotations

Branches:
Dungeon (8/15)             Temple (0/1) D:4         Ossuary (visited)
   Lair: D:8-11

Altars:
Cheibriados
Elyvilon
Gozag
Uskayaw
Yredelemnul
Zin

Shops:
D:1 (   D:3 !


Innate Abilities, Weirdness & Mutations

You have a pair of horns on your head.
You reflexively headbutt those who attack you in melee.


Message History

You are too injured to fight recklessly!
You are too injured to fight recklessly!
You are too injured to fight recklessly!
You are too injured to fight recklessly!
You are too injured to fight recklessly!
You are too injured to fight recklessly!
You are too injured to fight recklessly!
You are too injured to fight recklessly!
You are too injured to fight recklessly!
You are too injured to fight recklessly!
You are too injured to fight recklessly!
You are too injured to fight recklessly!
You are too injured to fight recklessly!
You are too injured to fight recklessly!
You are too injured to fight recklessly!
You are too injured to fight recklessly!
You are too injured to fight recklessly!
You are too injured to fight recklessly!
You feel sick.
The killer bee is distracted by your dazzling golden aura.
You block the killer bee's attack.
You feel sick.
The electric eel shoots out a bolt of lightning at you!
The bolt of electricity hits you!
* * * LOW HITPOINT WARNING * * *
You block the killer bee's attack.
The kobold brigand throws a curare-tipped dart.
The curare-tipped dart hits you.
You have difficulty breathing.
* * * LOW HITPOINT WARNING * * *
You feel yourself slow down.
The killer bee buzzes angrily.
You feel sick.
You hear a shout!
The kobold is no longer distracted by gold.
The killer bee barely misses you. The killer bee closely misses you.
You feel sick.
The killer bee is no longer distracted by gold.
The killer bee stings you!
You die...
Your body crumbles into a pile of gold.

#...##.......#.........
#.......))...#.#.......
#.......))...#.#.....#.
#............#.#.....#
#............#.........
#.....##.....###....###
#...######...........
.......#.#..#.#.........
.......##.##.##@........
.......##.#..#.##y.......
.......##.#..#.##......##
##......##.##.##.y.....#
#..... #.#..#.#$$.....#
#.... ..######.$K.....#
... .......#### #..
.....K..(# ...
...........#


You could see 2 killer bees and a kobold.

Vanquished Creatures
  A two-headed ogre (D:6)
  Prince Ribbit (D:7)
  Sigmund (D:3)
  Eustachio (D:4)
  A water moccasin (D:8)
  2 orc warriors
  An acid dragon (D:6)
  3 ice beasts
  Duvessa (D:4)
  2 sky beasts
  A black bear (D:6)
  3 ogres
  2 centaurs
  A kobold brigand (D:8)
  2 scorpions
  Dowan (D:4)
  3 killer bees (D:8)
  A gnoll bouda (D:8)
  2 hounds
  3 jellies
  4 orc priests
  A sleepcap (D:7)
  Ijyb (D:5)
  An iguana (D:4)
  4 orc wizards
  8 mummies (Ossuary)
  10 gnolls
  6 adders
  2 white imps
  2 ufetubi
  3 worms
  2 dart slugs
  27 orcs
  9 ball pythons
  7 endoplasms
  6 giant cockroaches
  A gnoll zombie (Ossuary)
  10 goblins
  5 hobgoblins
  3 jackals (D:2)
  18 kobolds
  3 quokkas
  7 bats
  2 frilled lizards
  A hobgoblin zombie (Ossuary)
  4 kobold zombies (Ossuary)
  2 orc zombies (Ossuary)
  7 rats
189 creatures vanquished.

Notes
Turn   | Place    | Note
-------+----------+-------------------------------------------
     0 | D:1      | Anon1729 the Minotaur Monk began the quest for the Orb.
     0 | D:1      | Reached XP level 1. HP: 19/19 MP: 0/0
   112 | D:1      | Reached XP level 2. HP: 27/27 MP: 1/1
   117 | D:1      | Reached skill level 4 in Fighting
   129 | D:1      | Found Riostr Ulewomp's Weapon Boutique.
   721 | D:2      | Reached skill level 1 in Staves
   721 | D:2      | Reached XP level 3. HP: 33/33 MP: 2/2
   982 | D:2      | Found a white marble altar of Elyvilon.
  1128 | D:2      | Reached skill level 1 in Armour
  1128 | D:2      | Reached XP level 4. HP: 37/41 MP: 3/3
  1400 | D:2      | Identified the +0 scale mail of the Thinker {rPois MP+9}
  1736 | D:3      | Noticed Sigmund
  1739 | D:3      | Killed Sigmund
  1740 | D:3      | Reached skill level 5 in Fighting
  1740 | D:3      | Reached XP level 5. HP: 35/48 MP: 4/4
  1746 | D:3      | Reached XP level 6. HP: 31/56 MP: 5/5
  1980 | D:3      | Found Vittoc Qemorch's Distillery.
  2341 | D:3      | Found a glowing silver altar of Zin.
  2416 | D:4      | Noticed Eustachio
  2432 | D:4      | Killed Eustachio
  2433 | D:4      | Reached skill level 5 in Dodging
  2501 | D:4      | Found an opulent altar of Gozag.
  2518 | D:4      | Reached XP level 7. HP: 39/62 MP: 6/6
  2636 | D:4      | Became a worshipper of Gozag Ym Sagoz the Greedy
  2750 | D:4      | Reached skill level 6 in Fighting
  2818 | D:4      | Identified the +1 robe of the Old World {rElec}
  2858 | D:4      | Noticed Dowan
  2859 | D:4      | Noticed Duvessa
  2871 | D:4      | Killed Duvessa
  2886 | D:4      | Killed Dowan
  3548 | D:4      | Found a staircase to the Ecumenical Temple.
  3597 | D:5      | Entered Level 5 of the Dungeon
  3727 | D:5      | Found a sand-covered staircase.
  3822 | D:5      | Noticed Ijyb
  3833 | D:5      | Killed Ijyb
  3834 | D:5      | Reached skill level 5 in Staves
  3968 | Ossuary  | Entered an ossuary
  3999 | Ossuary  | Reached XP level 8. HP: 63/71 MP: 7/7
  4075 | Ossuary  | Reached skill level 5 in Armour
  4308 | D:5      | Reached skill level 7 in Fighting
  4489 | D:1      | Bought a +0 vampiric lajatang for 564 gold pieces
  4489 | D:1      | Identified a scroll of acquirement
  4490 | D:1      | Acquired 722 gold pieces
  5025 | D:6      | Noticed a two-headed ogre
  5656 | D:6      | Killed a two-headed ogre
  5657 | D:6      | Reached skill level 8 in Fighting
  5657 | D:6      | Reached XP level 9. HP: 81/81 MP: 8/8
  6533 | D:7      | Reached skill level 9 in Fighting
  6548 | D:7      | Noticed Prince Ribbit
  6564 | D:7      | Killed Prince Ribbit
  6793 | D:7      | Found a hide-covered altar of Uskayaw.
  6892 | D:7      | Found a snail-covered altar of Cheibriados.
  7027 | D:8      | Found a basalt altar of Yredelemnul.
  7213 | D:8      | Slain by a killer bee

Illustrated notes

Levels and vault maps discovered:
D:1:      scummos_arrival_forest, layout_basic, serial_shops,
          nicolae_shop_bloodbath_and_beyond, minmay_misc_feat_nine_boxes
D:2:      layout_basic, basic_altar, nicolae_grassy_gnolls
D:3:      layout_rooms, zin_treasury, serial_shops, nicolae_shop_hallway_plus,
          uniq_sigmund
D:4:      layout_loops_cross, grunt_gozag_statues, lemuel_temple_firewalk_b,
          serial_forest, infiniplex_forest_side_room, infiniplex_forest_lined_2,
          infiniplex_forest_straight_3, infiniplex_forest_clump_double,
          infiniplex_forest_join, infiniplex_forest_straight_5,
          infiniplex_forest_lined_room_, infiniplex_forest_zigzag_2,
          uniq_eustachio, uniq_duvessa
D:5:      layout_basic, nicolae_ossuary_entry_plus, uniq_ijyb
D:6:      layout_gridville
D:7:      layout_cave_pools, cheibrodos_worm_habitat, lemuel_round_altar,
          nrook_mini_vaults, uniq_prince_ribbit1
D:8:      layout_basic, yredelemnul_altar_generic, minivault_22

Skill      XL: |  1  2  3  4  5  6  7  8  9 |
---------------+----------------------------+-----
Fighting       | 4 5 6 8 9 |  9.5
Long Blades    | 4 |  4.0
Staves         | 1 3 5 6 8 |  8.4
Dodging        | 4 5 6 7 8 |  8.6
Armour         | 1 2 3 4 6 8 |  8.2

Action                     |  1- 3 |  4- 6 |  7- 9 || total
---------------------------+-------+-------+-------++-------
  Melee: Falchion          |    87 |    18 |       ||   105
         Headbutt          |    20 |    19 |    56 ||    95
         Flail             |       |    57 |   149 ||   206
         Lajatang          |       |       |   141 ||   141
  Evoke: Wand              |       |       |     3 ||     3
    Use: Scroll            |       |       |    13 ||    13
         Potion            |       |       |     1 ||     1
   Stab: Distracted        |       |       |     1 ||     1
 Armour: Robe              |    19 |       |       ||    19
         Ring mail         |    31 |     5 |       ||    36
         Scale mail        |       |    41 |   220 ||   261
  Dodge: Dodged            |    55 |    54 |   182 ||   291
  Block: Orb               |       |       |     9 ||     9
         Other             |       |       |    41 ||    41

Table legend: (Time is in decaauts)
 A = Elapsed time spent in this place.
 B = Non-inter-level travel time spent in this place.
 C = Inter-level travel time spent in this place.
 D = Time resting spent in this place.
 E = Time spent auto-exploring this place.
 F = Levels seen in this place.
 G = Mean time per level.
                   A        B        C        D        E       F      G
               +--------+--------+--------+--------+--------+-----+--------+
         Total |   7281 |   6793 |    488 |    523 |   5118 |   9 |  809.0 |
       Dungeon |   6948 |   6460 |    488 |    523 |   4865 |   8 |  868.5 |
       Ossuary |    333 |    333 |      0 |      0 |    253 |   1 |  333.0 |
               +--------+--------+--------+--------+--------+-----+--------+

Top non-repeatable levels by time:
     D:4: 1290 daAuts
     D:6: 1206 daAuts
     D:2: 1157 daAuts
     D:5: 1069 daAuts
     D:7: 715 daAuts
     D:3: 671 daAuts
     D:1: 653 daAuts
 Ossuary: 333 daAuts
     D:8: 185 daAuts
